 Dungeon Crawl Stone Soup version 0.31.0-11-ge490571c62 (webtiles) character file.

Game seed: 10698475163169350933

418412 monsoonserge the Slayer (level 23, -2/222 HPs)
             Began as a Hill Orc Fighter on Jan 31, 2024.
             Was the Champion of Makhleb.
             Killed from afar by a blizzard demon (27 damage)
             ... with a bolt of cold
             ... summoned by a deep elf demonologist
             ... on level 3 of the Elven Halls.
             The game lasted 04:24:57 (54787 turns).

monsoonserge the Slayer (Hill Orc Fighter)         Turns: 54787, Time: 04:24:58

Health: -2/222     AC: 27    Str: 30    XL:     23   Next: 31%
Magic:  37/37      EV: 12    Int:  8    God:    Makhleb [******]
Gold:   4987       SH: 21    Dex: 10    Spells: 26/30 levels left

rFire   + . .        a - +9 broad axe (spect)
rCold   . . .        c - +0 tower shield {rN+}
rNeg    + . .        g - +18 Lear's hauberk
rPois   +            (helmet currently unavailable)
rElec   +            r - +1 cloak
rCorr   .            (gloves currently unavailable)
SInv    .            (boots currently unavailable)
Will    +....        k - amulet of the Air {Inacc Air Fly rElec RMsl} Stlth
                     F - ring of protection from fire
HPRegen 0.57/turn    G - ring of poison resistance
MPRegen 0.25/turn

%: inaccuracy (-5), repel missiles
@: about to teleport, spiked, corroded, flying, studying Armour
A: no striking features
}: 3/15 runes: serpentine, barnacled, abyssal
a: Renounce Religion, Minor Destruction, Lesser Servant of Makhleb, Major
Destruction, Greater Servant of Makhleb


You were on level 3 of the Elven Halls.
You worshipped Makhleb.
Makhleb was exalted by your worship.
You visited 9 branches of the dungeon, and saw 40 of its levels.
You visited the Abyss 2 times.
You also visited: Gauntlet and Ice Cave.

You collected 5598 gold pieces.
You spent 611 gold pieces at shops.

Inventory:

Hand Weapons
 a - a +9 spectral broad axe (weapon)
 b - the +10 morningstar "Eos" {elec, Halo rElec}
   (You found it on level 4 of the Vaults)

   Halo:      It grants its wielder a halo, revealing invisible creatures and
   increasing accuracy against all within it other than the wielder.
   rElec:     It insulates you from electricity.
Missiles
 q - 48 boomerangs (quivered)
 E - 4 darts of dispersal
 K - 9 curare-tipped darts
 L - 14 silver javelins
 W - 4 atropa-tipped darts
 X - 12 throwing nets
 Z - 10 datura-tipped darts
Armour
 c - a +0 tower shield of positive energy (worn)
 g - the +18 Lear's hauberk (worn)
   (You acquired it on level 10 of the Dungeon)
 r - a +1 cloak (worn)
Jewellery
 i - a +5 ring of evasion
 k - the amulet of the Air (around neck) {Inacc Air Fly rElec RMsl}
   (You found it on level 4 of the Shoals)

   [amulet of nothing]

   Inacc:     It reduces the accuracy of your attacks and spells.
   Air:       It enhances your air magic.
   rElec:     It insulates you from electricity.
   Fly:       It grants you flight.
   RMsl:      It protects you from missiles.
 z - a +6 ring of strength
 F - a ring of protection from fire (left hand)
 G - a ring of poison resistance (right hand)
Wands
 t - a wand of digging (1)
 w - a wand of polymorph (22)
 C - a wand of quicksilver (13)
 I - a wand of roots (24)
 M - a wand of paralysis (34)
 S - a wand of mindburst (15)
Scrolls
 d - 5 scrolls of blinking
 e - 5 scrolls of poison
 n - 5 scrolls of immolation
 u - 7 scrolls of teleportation
 v - 5 scrolls of fear
 x - 5 scrolls of fog
 D - 7 scrolls of revelation
 O - 2 scrolls of torment
 Q - 2 scrolls of enchant armour
 R - 3 scrolls of silence
 V - 3 scrolls of summoning
Potions
 f - 17 potions of curing
 j - 4 potions of cancellation
 m - 11 potions of lignification
 o - a potion of berserk rage
 p - 4 potions of heal wounds
 s - 3 potions of invisibility
 y - 3 potions of attraction
 A - 4 potions of resistance
 B - a potion of haste
 N - 3 potions of ambrosia
 P - 13 potions of enlightenment
 U - 6 potions of might
 Y - 5 potions of mutation
Miscellaneous
 h - a phial of floods
 l - a sack of spiders
 H - a lightning rod (4/4)
 J - a condenser vane
 T - a phantom mirror


   Skills:
 + Level 21.9 Fighting
 - Level 17.8(18.8) Axes
 + Level 8.7(13.0) Maces & Flails
 + Level 4.0 Throwing
 * Level 19.4 Armour
 + Level 7.9 Dodging
 - Level 3.0 Stealth
 + Level 21.6 Shields
 - Level 4.0 Spellcasting
 - Level 7.0 Translocations
 + Level 21.6 Invocations
 + Level 6.6 Evocations


You had 26 spell levels left.
You knew the following spells:

 Your Spells              Type           Power      Damage    Failure   Level
a - Blink                 Tloc           24%        N/A       9%          2
b - Lesser Beckoning      Tloc           24%        N/A       9%          2

Your spell library contained the following spells:

 Spells                   Type           Power      Damage    Failure   Level
 Apportation              Tloc           24%        N/A       5%          1
 Gell's Gravitas          Tloc           12%        N/A       16%         3
 Teleport Other           Tloc           12%        N/A       16%         3
 Momentum Strike          Conj/Tloc      14%        3d8       34%         2
 Manifold Assault         Tloc           12%        N/A       47%         4
 Volatile Blastmotes      Fire/Tloc      14%        2d11      56%         3
 Magic Dart               Conj           4%         1d3       67%         1
 Necrotise                Necr           4%         1d4       67%         1
 Sandblast                Erth           2%         2d4       67%         1
 Sting                    Conj/Alch      4%         1d3       67%         1
 Summon Small Mammal      Summ           4%         N/A       67%         1
 Call Imp                 Summ           2%         N/A       82%         2
 Cigotuvi's Dreadful Rot  Necr/Alch/Air  4%         N/A       82%         2
 Mercury Vapours          Alch/Air       4%         N/A       82%         2
 Iskenderun's Mystic Bla  Conj/Tloc      7%         2d4       92%         4
 Vhi's Electric Charge    Tloc/Air       20%        N/A       92%         4
 Frozen Ramparts          Ice            2%         1d1       96%         3
 Fugue of the Fallen      Necr           1%         N/A       96%         3
 Hailstorm                Conj/Ice       1%         3d5       96%         3
 Mephitic Cloud           Conj/Alch/Air  2%         N/A       96%         3
 Ozocubu's Armour         Ice            1%         N/A       96%         3
 Passwall                 Erth           1%         N/A       96%         3
 Stone Arrow              Conj/Erth      2%         3d7       96%         3
 Summon Ice Beast         Ice/Summ       1%         N/A       96%         3
 Animate Armour           Summ/Erth      2%         N/A       100%        4
 Animate Dead             Necr           1%         N/A       100%        4
 Brom's Barrelling Bould  Conj/Erth      1%         2d3       100%        4
 Dispel Undead            Necr           1%         3d6       100%        4
 Fulminant Prism          Conj/Alch      0%         3d5       100%        4
 Leda's Liquefaction      Alch/Erth      0%         N/A       100%        4
 Martyr's Knell           Necr/Summ      1%         N/A       100%        4
 Petrify                  Alch/Erth      1%         N/A       100%        4
 Summon Lightning Spire   Summ/Air       2%         N/A       100%        4
 Arcjolt                  Conj/Air       1%         1d11      100%        5
 Borgnjor's Vile Clutch   Necr/Erth      0%         N/A       100%        5
 Freezing Cloud           Conj/Ice/Air   1%         6-21      100%        5
 Lee's Rapid Deconstruct  Erth           0%         3d4*      100%        5
 Metabolic Englaciation   Hex/Ice        0%         N/A       100%        5
 Conjure Ball Lightning   Conj/Air       1%         3x3d6     100%        6
 Death Channel            Necr           0%         N/A       100%        6
 Sculpt Simulacrum        Ice/Alch       0%         N/A       100%        6
 Ozocubu's Refrigeration  Ice            0%         4d7       100%        7
 Discord                  Hex            0%         N/A       100%        8
 Disjunction              Tloc           6%         N/A       100%        8
 Maxwell's Capacitive Co  Air            1%         ∞         100%        8
 Polar Vortex             Ice            0%         N/A       100%        9


Dungeon Overview and Level Annotations

Branches:
Dungeon (15/15)            Temple (1/1) D:5            Lair (5/5) D:10
 Shoals (4/4) Lair:2        Snake (4/4) Lair:2        Slime (0/5) Lair:4
    Orc (2/2) D:11            Elf (3/3) Orc:2        Vaults (4/5) D:14
  Crypt (0/3) Vaults:3     Depths (2/4) D:15          IceCv (visited)
Gauntlet (visited)

Altars:
Ashenzari
Cheibriados
Dithmenos
Elyvilon
Fedhas
Gozag
Hepliaklqana
Kikubaaqudgha
Makhleb
Nemelex Xobeh
Okawaru
Qazlal
Ru
Sif Muna
Trog
Uskayaw
Vehumet
Wu Jian
Xom
Yredelemnul
Zin
The Shining One
Beogh
Jiyva

Shops:
D:15 [   Orc:2 *[*=(   Elf:1 [(   Snake:1 *   Vaults:3 :!:*!

Portals:
Hell: Lair:5 Depths:1 Depths:2
Pandemonium: Depths:2
Ziggurat: Depths:2

Annotations:
D:8 Jeremiah
Shoals:3 3 runed translucent doors


Message History

You block the tormentor's attack.
Unknown command.
You barely miss the deep elf annihilator.
The deep elf annihilator is heavily wounded.
You slash the blizzard demon! You slash the tormentor!
Your +9 spectral broad axe hits the tormentor but does no damage.
Your +9 spectral broad axe hits the Ice Fiend.
Your +9 spectral broad axe hits the blizzard demon.
The deep elf annihilator hits you but does no damage.
You chop the deep elf annihilator into pieces!!!
You kill the deep elf annihilator!
Makhleb accepts your kill.
You feel better.
You closely miss the blizzard demon. You hit the tormentor.
Your +9 spectral broad axe hits the tormentor!!
Your +9 spectral broad axe hits the blizzard demon!
The tormentor calls on the powers of darkness!
Your body is wracked with pain!
* * * LOW HITPOINT WARNING * * *
The blizzard demon hits you.
* * * LOW HITPOINT WARNING * * *
You block the blizzard demon's attack.
Unknown command.
Press: ? - help, v - describe, . - travel
Here: a blizzard demon (heavily wounded, summoned)
The floor.
Unknown command.
You miss the tormentor.
The tormentor is almost dead.
You miss the blizzard demon. You slice the Ice Fiend!!
Your +9 spectral broad axe hits the tormentor but does no damage.
Your +9 spectral broad axe hits the blizzard demon but does no damage.
The tormentor calls on the powers of darkness!
Your body is wracked with pain!
* * * LOW HITPOINT WARNING * * *
The red devil hits you from afar with a +0 demon trident!
* * * LOW HITPOINT WARNING * * *
Barbed spikes become lodged in your body.
The blizzard demon gestures at you. The bolt of cold hits you!!
You die...

.#...# .#...#
.......##......
.#...#
.............⌠.
.#...#
...............
.#...#
.................
.#...#
.................
.#...#
.....$..........e
.'...#
.......(......#..
.#'###
.......@2......#
.#...#
..#.#..214....#.#
.#...#
#....4......#
.'...#
.....##2##...
.#...# .....##
#3# #. .#...#
...## #.# .#...#
.## #)# .#...#
#e# .#...# #e#


You could see an Ice Fiend (summoned), a balrug (summoned), a blizzard demon
(summoned), a soul eater (summoned), an orange demon (summoned), a tormentor
(summoned), a red devil (summoned) and a friendly +9 spectral broad axe.

Vanquished Creatures
  Mara (Depths:2)
  A juggernaut (Depths:2)
  Sojobo (Depths:1)
  2 golden dragons
  Norris (Depths:1)
  Mlioglotl (Snake:2)
  3 deep elf blademasters
  3 liches
  A walking earthen tome (Depths:2)
  2 sphinxes
  3 tentacled starspawn (Abyss:3)
  2 deep elf master archers (Elf:3)
  Frances (Shoals:1)
  A kraken (Shoals:4)
  An ancient champion (Vaults:3)
  3 tengu reavers
  Donald (Vaults:4)
  5 nagarajas
  Aizul (Snake:1)
  2 frost giants (Depths:2)
  6 deep elf elementalists
  9 vault wardens
  4 deep elf sorcerers (Elf:3)
  21 ironbound preservers
  3 stone giants
  3 formless jellyfish
  13 very ugly things
  4 ironbound thunderhulks
  A vampire knight (Depths:1)
  4 deep elf demonologists (Elf:3)
  3 deep elf death magi (Elf:3)
  6 dire elephants
  A lorocyproca (Depths:2)
  2 war gargoyles (Vaults:4)
  11 deep elf annihilators
  A minotaur (Gauntlet)
  A blizzard demon (Abyss:3)
  3 fire dragons
  9 merfolk impalers
  3 green deaths
  4 merfolk javelineers
  4 rakshasas
  6 yaktaur captains
  2 deep elf high priests
  An entropy weaver (Vaults:4)
  Fannar (Orc:1)
  A spriggan air mage (Depths:1)
  7 salamander tyrants (Snake:4)
  7 hydras
  4 great orbs of eyes
  An alligator snapping turtle (Shoals:4)
  4 peacekeepers
  2 ogre magi
  4 catoblepae
  3 ironbound frosthearts
  2 hell beasts
  10 anacondas
  A satyr (Shoals:3)
  7 two-headed ogres
  3 merfolk avatars
  5 merfolk aquamancers
  2 vault guards (Vaults:3)
  11 centaur warriors
  16 naga warriors
  5 boulder beetles
  A deep troll earth mage (Depths:2)
  37 dancing weapons
  2 hell hogs (Depths:1)
  A deep troll shaman (Depths:1)
  A titan zombie (Abyss:3)
  A vampire mage (Vaults:3)
  8 death yaks
  A thrashing horror (Abyss:3)
  6 tengu warriors
  8 shock serpents
  A spriggan berserker (Depths:2)
  11 naga sharpshooters
  3 soul eaters
  22 deep elf knights
  7 hell knights
  Nergalle (Lair:2)
  An iron troll (Depths:2)
  A salamander mystic (Snake:4)
  3 wretched stars (Abyss:3)
  A sun demon (Depths:2)
  6 skysharks
  4 skeletal warriors
  9 sea snakes
  9 mana vipers
  64 deep trolls
  3 large abominations (Abyss:3)
  5 naga ritualists
  18 deep elf archers
  3 glowing orange brains
  An orange crystal statue (Depths:1)
  4 orc knights
  5 arcanists
  2 bog bodies (Shoals:2)
  8 lindwurms
  12 ironbound convokers
  31 deep elf pyromancers
  3 phantasmal warriors
  44 ugly things
  24 deep elf zephyrmancers
  4 necromancers
  A harpy (shapeshifter) (D:14)
  A shining eye (shapeshifter) (Vaults:1)
  Maurice (D:8)
  A fire giant zombie (Vaults:1)
  23 salamanders
  A worldbinder (Abyss:3)
  6 harpies (Shoals:4)
  8 fauns
  12 elephants
  11 manticores
  An orc sorcerer (Orc:2)
  6 kobold blastminers (Orc:2)
  A frost giant skeleton (Vaults:1)
  9 merfolk sirens
  7 cyclopes
  35 black mambas
  7 guardian serpents
  3 ice statues (IceCv)
  4 smoke demons
  6 water nymphs
  12 cane toads
  2 orange demons (Lair:5)
  11 vault sentinels
  11 naga magi
  A torpor snail (Lair:2)
  2 gargoyles (D:12)
  2 minotaur zombies (Gauntlet)
  An unseen horror zombie (D:9)
  A yaktaur zombie (Vaults:1)
  6 rime drakes
  22 yaktaurs
  2 efreet
  9 komodo dragons
  A kobold demonologist (D:9)
  3 tengu conjurers
  3 ice devils
  A freezing wraith (Vaults:3)
  2 red devils (Lair:5)
  An ancient zyme (Abyss:3)
  3 polar bears
  42 merfolk
  A tarantella (shapeshifter) (Abyss:3)
  8 trolls
  A wolf spider simulacrum (Gauntlet)
  A tarantella (Vaults:4)
  4 wind drakes
  A hornet (D:7)
  A glass eye (Depths:1)
  3 dream sheep (Shoals:3)
  5 raiju (Abyss:3)
  15 snapping turtles
  27 slime creatures
  Sigmund (D:3)
  5 spriggans (D:9)
  2 wraiths
  A ynoxinul (Abyss:3)
  A shadow (D:11)
  A centaur simulacrum (Gauntlet)
  2 vampires
  10 water elementals
  3 air elementals
  4 humans (D:14)
  2 yaks (shapeshifter)
  56 yaks
  A wyvern (D:5)
  4 basilisks
  2 fire elementals (Elf:2)
  3 vampire mosquitoes (D:11)
  A chaos spawn (Abyss:3)
  3 wargs
  2 death yak simulacra (IceCv)
  3 harpy simulacra
  A redback (Vaults:4)
  31 nagas
  An acid dragon (D:14)
  A swamp worm (shapeshifter) (Depths:1)
  A hydra simulacrum (IceCv)
  Duvessa (D:4)
  3 hell hounds (Lair:5)
  13 water moccasins
  4 black bears
  An ice beast (D:5)
  2 sky beasts
  30 orc warriors
  8 laughing skulls
  24 starcursed masses (Abyss:3)
  4 boggarts
  8 ogres
  10 wolves
  18 centaurs
  3 phantoms
  An elf zombie (D:7)
  2 kobold brigands (D:9)
  12 bullfrogs
  Blork the orc (D:6)
  4 scorpions
  An elf skeleton (D:7)
  2 gnoll sergeants
  2 earth elementals (Elf:2)
  22 wights
  A hornet simulacrum (Gauntlet)
  Dowan (D:4)
  2 elephant simulacra (IceCv)
  6 killer bees (D:11)
  5 howler monkeys
  8 electric eels
  A bombardier beetle (D:5)
  A human zombie (D:7)
  A jelly (Gauntlet)
  4 orc priests
  4 gnoll boudas
  11 hounds
  An iron imp (Abyss:3)
  Terence (D:3)
  An iguana (D:5)
  3 sleepcaps
  6 hell rats (Lair:5)
  8 orc wizards
  2 human skeletons
  2 polar bear simulacra (IceCv)
  A howler monkey zombie (D:9)
  29 gnolls
  8 adders
  5 white imps
  2 ufetubi (D:5)
  3 ribbon worms
  2 dart slugs
  43 orcs
  5 ball pythons
  9 endoplasms
  6 goblins
  2 hobgoblins (D:4)
  6 jackals
  2 quokkas
  4 bats
  2 frilled lizards
  6 kobolds
  An orc skeleton (D:7)
  An orc zombie (D:7)
  3 rats (D:1)
  3 spectral weapons
  2 starspawn tentacles (Abyss:3)
  A tentacle (Shoals:4)
1515 creatures vanquished.

Vanquished Creatures (collateral kills)
  A sphinx (Depths:2)
  A deep elf sorcerer (Elf:3)
  Harold (Lair:2)
  A rakshasa (D:15)
  A great orb of eyes (Vaults:1)
  A hydra (Lair:2)
  2 death yaks (Lair:5)
  A shock serpent (Snake:4)
  A deep elf archer (Elf:2)
  A lindwurm (Vaults:3)
  2 harpies (Lair:2)
  A salamander (Snake:4)
  A faun (Shoals:3)
  A black mamba (Snake:2)
  2 cane toads (Lair:2)
  A freezing wraith (Abyss:3)
  A komodo dragon (Lair:5)
  A rime drake (Lair:2)
  An ice devil (Lair:5)
  A raiju (Abyss:3)
  8 yaks
  2 water moccasins (Lair:5)
  A wolf (Lair:2)
  6 starcursed masses (Abyss:3)
40 creatures vanquished.

Vanquished Creatures (others)
  A hell knight (Depths:1)
  A deep elf zephyrmancer (Elf:1)
  A deep elf pyromancer (Elf:1)
  A manticore (Shoals:2)
  A neqoxec (Abyss:3)
  2 orc priests
  An orc (Orc:2)
  42 spectral weapons
  4 starspawn tentacles (Abyss:3)
  9 tentacles (Shoals:4)
63 creatures vanquished.

Grand Total: 1618 creatures vanquished

Notes
Turn   | Place    | Note
-------+----------+-------------------------------------------
     0 | D:1      | monsoonserge the Hill Orc Fighter began the quest for the
                  | Orb.
     0 | D:1      | Reached XP level 1. HP: 19/19 MP: 1/1
   170 | D:1      | Reached XP level 2. HP: 24/27 MP: 2/2
   607 | D:1      | Reached XP level 3. HP: 11/33 MP: 3/3
   887 | D:2      | Reached XP level 4. HP: 33/40 MP: 4/4
  1662 | D:3      | Reached skill level 1 in Dodging
  1746 | D:3      | Noticed Sigmund
  1776 | D:3      | Killed Sigmund
  1777 | D:3      | Reached XP level 5. HP: 16/46 MP: 5/5
  1777 | D:3      | Reached XP level 6. HP: 18/52 MP: 6/6
  2332 | D:3      | Noticed Terence
  2342 | D:3      | Killed Terence
  2736 | D:4      | Reached XP level 7. HP: 60/60 MP: 7/7
  2997 | D:4      | Reached skill level 1 in Evocations
  3020 | D:4      | Reached skill level 5 in Armour
  3286 | D:4      | Reached XP level 8. HP: 53/67 MP: 8/8
  3454 | D:4      | Noticed Dowan
  3456 | D:4      | Noticed Duvessa
  3464 | D:4      | Killed Duvessa
  3465 | D:4      | Reached skill level 5 in Fighting
  3467 | D:4      | Killed Dowan
  3705 | D:5      | Entered Level 5 of the Dungeon
  3705 | D:5      | Found a staircase to the Ecumenical Temple.
  3734 | Temple   | Entered the Ecumenical Temple
  3825 | D:5      | Reached skill level 10 in Axes
  3997 | D:5      | Noticed a hornet
  4002 | D:5      | a hornet changed into a wyvern
  4002 | D:5      | Noticed a wyvern
  4011 | D:5      | Killed a wyvern
  4016 | D:5      | Reached XP level 9. HP: 19/75 MP: 9/9
  4231 | D:5      | Found an iron altar of Okawaru.
  4236 | D:5      | Found a glowing silver altar of Zin.
  5137 | D:6      | Noticed Blork the orc
  5146 | D:6      | Killed Blork the orc
  5324 | D:6      | Found a shimmering altar of Xom.
  5325 | D:6      | Found a burning altar of Makhleb.
  5580 | D:6      | Reached skill level 5 in Shields
  5849 | D:6      | Found a broken altar of Ashenzari.
  5854 | D:6      | Became a worshipper of Makhleb the Destroyer
  5894 | D:7      | Reached skill level 1 in Invocations
  6023 | D:7      | Reached XP level 10. HP: 69/88 MP: 11/11
  6033 | D:7      | You fall into a shaft and drop 3 floors!
  6033 | D:10     | Entered Level 10 of the Dungeon
  6037 | D:10     | Identified 2 scrolls of acquirement
  6039 | D:10     | Acquired 649 gold pieces
  6041 | D:10     | Acquired the +18 Lear's hauberk
  6041 | D:10     | Found the +18 Lear's hauberk
  6203 | D:9      | Reached * piety under Makhleb
  6213 | D:8      | Reached skill level 1 in Stealth
  6297 | D:8      | Reached skill level 5 in Invocations
  6305 | D:8      | Found an opulent altar of Gozag.
  6426 | D:8      | Noticed Jeremiah
  6506 | D:9      | Reached skill level 1 in Throwing
  6515 | D:9      | Found an ornate altar of the Wu Jian Council.
  6535 | D:9      | Reached ** piety under Makhleb
  6696 | D:9      | Reached XP level 11. HP: 99/99 MP: 15/15
  7348 | D:8      | Paralysed by a hornet for 2 turns
  7359 | D:7      | Reached skill level 10 in Fighting
  7463 | D:8      | Noticed Maurice
  7483 | D:8      | Paralysed by something for 2 turns
  7489 | D:8      | Paralysed by something for 5 turns
  7497 | D:8      | Something stole a +3 flail of freezing
  7499 | D:8      | Killed Maurice
  7795 | D:9      | Noticed a white ugly thing
  7833 | D:9      | Noticed a green ugly thing
  8198 | D:9      | Noticed a two-headed ogre
  8214 | D:9      | Killed a two-headed ogre
  8384 | D:9      | Found a basalt altar of Yredelemnul.
  8534 | D:9      | Noticed a two-headed ogre
  8534 | D:9      | Noticed a rakshasa
  8537 | D:9      | Noticed a manticore
  8555 | D:9      | Noticed a centaur warrior
  8802 | D:10     | Found a shadowy altar of Dithmenos.
  8803 | D:10     | Found a snail-covered altar of Cheibriados.
  9180 | D:10     | Found a staircase to the Lair.
  9345 | D:11     | Noticed a two-headed ogre
  9345 | D:11     | Found a shimmering altar of Xom.
  9345 | D:11     | Found a shimmering altar of Xom.
  9356 | D:10     | Killed a two-headed ogre
  9356 | D:10     | Reached *** piety under Makhleb
  9556 | D:11     | Found a staircase to the Orcish Mines.
  9626 | D:11     | Noticed a cyclops
  9634 | D:11     | Killed a cyclops
  9791 | D:11     | Noticed a green ugly thing
  9796 | D:11     | Reached skill level 10 in Invocations
  9807 | D:11     | Killed a green ugly thing
  9808 | D:11     | Reached XP level 12. HP: 110/110 MP: 18/20
  9890 | D:11     | Found a shimmering altar of Xom.
  9891 | D:11     | Found a shimmering altar of Xom.
  9891 | D:11     | Found a shimmering altar of Xom.
  9924 | D:11     | Noticed a two-headed ogre
  9933 | D:11     | Killed a two-headed ogre
 10185 | Orc:1    | Entered Level 1 of the Orcish Mines
 10562 | Lair:1   | Entered Level 1 of the Lair of Beasts
 10581 | Lair:1   | Found a frozen archway.
 10613 | IceCv    | Entered an ice cave
 11269 | IceCv    | HP: 5/110 [harpy simulacrum (8)]
 11471 | IceCv    | Found the sphere of Battle
 12873 | Lair:2   | Noticed a five-headed hydra
 13052 | Lair:2   | Killed a five-headed hydra
 13066 | Lair:2   | Found a staircase to the Shoals.
 13080 | Lair:2   | Reached XP level 13. HP: 104/116 MP: 22/22
 13169 | Lair:2   | Reached **** piety under Makhleb
 13174 | Lair:2   | Reached skill level 10 in Shields
 13194 | Lair:2   | Reached skill level 10 in Armour
 13374 | Lair:2   | Noticed Harold
 13394 | Lair:2   | Killed Harold
 13395 | Lair:2   | Reached skill level 15 in Axes
 13668 | Lair:2   | Reached skill level 1 in Maces & Flails
 13789 | Lair:2   | Noticed Nergalle
 13795 | Lair:2   | Killed Nergalle
 13905 | Lair:2   | Found a staircase to the Snake Pit.
 15231 | Lair:3   | Identified the +1 ring mail of Optimism {Str+4 Dex-4
                  | Stlth+}
 15840 | Lair:4   | Reached XP level 14. HP: 115/126 MP: 23/23
 16064 | Lair:4   | Found a viscous altar of Jiyva.
 16065 | Lair:4   | Found a staircase to the Slime Pits.
 16192 | Lair:4   | Reached ***** piety under Makhleb
 16448 | Lair:5   | Entered Level 5 of the Lair of Beasts
 16806 | Lair:5   | Identified the +0 robe of Birdsong {rF+ Int+3 Archmagi}
 17049 | Lair:4   | Reached skill level 5 in Evocations
 17695 | Lair:5   | Noticed a dire elephant
 17760 | Lair:4   | Killed a dire elephant
 18205 | Lair:5   | Noticed a dire elephant
 18277 | Lair:4   | Killed a dire elephant
 18492 | Lair:5   | Found a burning altar of Makhleb.
 18529 | Lair:5   | Reached XP level 15. HP: 99/136 MP: 25/25
 18661 | Lair:5   | Found a gateway to Hell.
 18973 | D:12     | Learned a level 2 spell: Blink
 19467 | D:13     | Reached skill level 1 in Translocations
 19715 | D:13     | Reached skill level 1 in Spellcasting
 21436 | D:14     | Identified the +5 war axe "Zaitwirr" {drain, *Slow Fly
                  | rCorr Int+5}
 22480 | D:14     | Found a gate to the Vaults.
 22888 | D:15     | Entered Level 15 of the Dungeon
 23031 | D:15     | Found Pyenn's Antique Armour Emporium.
 23073 | D:15     | Found a gate leading to a gauntlet.
 23083 | D:15     | Identified the +2 leather armour of Pride {-Cast rN++ Will+
                  | Dex+4}
 23100 | Gauntlet | Entered a Gauntlet
 23100 | Gauntlet | Found a transporter.
 23100 | Gauntlet | Found a transporter.
 23105 | Gauntlet | Found a runed translucent door.
 23106 | Gauntlet | Found a transporter.
 23107 | Gauntlet | Found a runed translucent door.
 23119 | Gauntlet | Found a transporter.
 23136 | Gauntlet | Found a transporter.
 23136 | Gauntlet | Found a transporter.
 23182 | Gauntlet | Found a transporter.
 23217 | Gauntlet | Found a transporter.
 23220 | Gauntlet | Found a transporter.
 23220 | Gauntlet | Found a transporter.
 23234 | Gauntlet | Found a transporter.
 23251 | Gauntlet | Found a transporter.
 23261 | Gauntlet | Found a transporter.
 23275 | Gauntlet | Found a transporter.
 23440 | Gauntlet | Identified the +0 hat of Xeexod {+Inv}
 23515 | Gauntlet | Identified the +1 shortbow "Earthworm" {drain, Int+2}
 23529 | Gauntlet | Identified the +2 pair of gloves "Cocseo Wyong" {rElec rF-
                  | Will+}
 23529 | Gauntlet | Identified the +1 chain mail of Valiance {Harm +Blink rF+
                  | Str+3}
 23530 | Gauntlet | Got Agusimoj's Elucidation of Wild Composition
 23651 | D:15     | Reached XP level 16. HP: 147/147 MP: 26/26
 23982 | D:15     | Reached skill level 5 in Dodging
 24317 | D:15     | Found a staircase to the Depths.
 24683 | D:15     | Reached skill level 15 in Fighting
 24916 | Orc:2    | Entered Level 2 of the Orcish Mines
 25045 | Orc:1    | Reached ****** piety under Makhleb
 25228 | Orc:2    | Reached skill level 15 in Invocations
 25252 | Orc:2    | Found Kirched's Weapon Emporium.
 25358 | Orc:1    | Noticed Fannar
 25587 | Orc:1    | Found a roughly hewn altar of Beogh.
 25677 | Orc:1    | Killed Fannar
 26085 | Orc:2    | Found Dam Guth's Armour Shop.
 26085 | Orc:2    | Found Myhaq's General Store.
 26087 | Orc:2    | Found Socryit's Jewellery Emporium.
 26089 | Orc:2    | Found Nisat's Assorted Antiques.
 26094 | Orc:2    | Bought a silvery potion for 22 gold pieces
 26211 | Orc:2    | Found a staircase to the Elven Halls.
 26416 | Orc:2    | Bought a shimmering chain mail for 237 gold pieces
 26416 | Orc:2    | Identified the +7 chain mail of the Blizzard {Will- Str+3
                  | Dex+3 Slay+2} (You bought it in a shop on level 2 of the
                  | Orcish Mines)
 26592 | Shoals:1 | Entered Level 1 of the Shoals
 26821 | Shoals:1 | Noticed Frances
 26842 | Shoals:1 | Killed Frances
 29306 | Shoals:3 | Reached XP level 17. HP: 156/156 MP: 29/29
 29328 | Shoals:3 | Reached skill level 5 in Translocations
 30141 | Shoals:3 | Identified the +1 whip "Tofalodo" {freeze, rC+++ Str-2
                  | Int-5}
 30257 | Shoals:3 | Found a runed translucent gate.
 30257 | Shoals:3 | Found a runed translucent gate.
 30257 | Shoals:3 | Found a runed translucent gate.
 30799 | Shoals:4 | Entered Level 4 of the Shoals
 30949 | Shoals:4 | Found the amulet of the Air {Inacc Air Fly rElec RMsl}
 31783 | Shoals:4 | Noticed a kraken
 32382 | Shoals:4 | Killed a kraken
 32390 | Shoals:4 | Got a barnacled rune of Zot
 32568 | Snake:1  | Entered Level 1 of the Snake Pit
 32568 | Snake:1  | Found Kyhev's Assorted Antiques.
 32597 | Snake:1  | Identified the serpent talisman of the Maze {rF+ rC+ Will+
                  | Str-3 Int+3}
 32597 | Snake:1  | Noticed Aizul
 32603 | Snake:1  | Killed Aizul
 33163 | Snake:1  | Identified the +3 war axe of Resumed Hostilities {protect,
                  | rCorr Str-2 Dex+2}
 33172 | Snake:1  | Reached XP level 18. HP: 164/168 MP: 19/30
 34245 | Snake:2  | Reached skill level 15 in Shields
 34467 | Snake:2  | Noticed Mlioglotl
 34477 | Snake:2  | Noticed a lich
 34477 | Snake:2  | Killed Mlioglotl
 34876 | Snake:2  | Found a hide-covered altar of Uskayaw.
 36083 | Snake:4  | Entered Level 4 of the Snake Pit
 36360 | Snake:4  | Identified the +4 scale mail "Faisout" {Rampage rF++ Will-}
 38026 | Vaults:1 | Entered Level 1 of the Vaults
 38137 | Vaults:1 | Reached XP level 19. HP: 178/178 MP: 31/31
 39522 | Vaults:1 | Reached skill level 15 in Armour
 41081 | Vaults:3 | Reached XP level 20. HP: 189/189 MP: 33/33
 41163 | Vaults:3 | Found Zinnanaoni's Book Shop.
 41696 | Vaults:3 | Found Vuawkuess's Distillery.
 41703 | Vaults:3 | Bought a potion of degeneration for 22 gold pieces
 41706 | Vaults:3 | Bought a potion of heal wounds for 110 gold pieces
 41706 | Vaults:3 | Bought a potion of heal wounds for 110 gold pieces
 41706 | Vaults:3 | Bought a potion of heal wounds for 110 gold pieces
 41809 | Vaults:3 | Found Tixuguota's Assorted Antiques.
 41834 | Vaults:3 | Identified the +2 cloak of Hubris {rF- Regen+ Int-4 Dex+8}
 42060 | Vaults:3 | Found Geat's Book Emporium.
 42068 | Vaults:3 | Found Nehu's Distillery.
 42247 | Vaults:3 | Found a staircase to the Crypt.
 43199 | Snake:4  | Got a serpentine rune of Zot
 44526 | Vaults:4 | Noticed Donald
 44535 | Vaults:4 | Killed Donald
 44979 | Vaults:4 | Found the +10 morningstar "Eos" {elec, Halo rElec}
 45406 | Vaults:4 | Reached XP level 21. HP: 200/201 MP: 34/34
 45899 | D:9      | Identified the +7 trident "Concordance" {antimagic, Str+3}
 45900 | D:9      | Identified the +3 robe of Jono {rElec Will+ Dex-5}
 45903 | D:9      | Identified the +1 ring mail of Bad Feelings {rF+ Will-
                  | Regen+ Str+4}
 46131 | Depths:1 | Entered Level 1 of the Depths
 46248 | Depths:1 | Noticed Norris
 46265 | Depths:1 | Killed Norris
 46368 | Depths:1 | Noticed a golden dragon
 46380 | Depths:1 | Killed a golden dragon
 46385 | Depths:1 | Reached skill level 5 in Maces & Flails
 46458 | Depths:1 | Noticed Sojobo
 46465 | D:15     | HP: 9/197 [tengu reaver/bolt of fire[Sojobo] (26)]
 46734 | Depths:1 | Paralysed by an air elemental for 1 turns
 46794 | D:15     | Learned a level 2 spell: Lesser Beckoning
 46813 | Depths:1 | Killed Sojobo
 47037 | Depths:1 | Found a glowing silver altar of Zin.
 48079 | Depths:2 | Acquired a manual of Armour
 48167 | Depths:2 | Found a one-way gate leading to the halls of Pandemonium.
 48204 | Depths:2 | Noticed Mara
 48218 | Depths:2 | Noticed monsoonserge's illusion
 48223 | Depths:2 | Killed Mara
 48394 | Depths:2 | Found a radiant altar of Vehumet.
 48506 | Depths:2 | Found a one-way gateway to a ziggurat.
 48760 | Depths:2 | Noticed a golden dragon
 49011 | Depths:2 | Killed a golden dragon
 49067 | Depths:2 | Noticed a juggernaut
 49088 | Depths:2 | Killed a juggernaut
 49091 | Depths:2 | Noticed a juggernaut
 49573 | Elf:1    | Entered Level 1 of the Elven Halls
 49710 | Elf:1    | Found Jeipumy's Antique Weapon Shoppe.
 49730 | Elf:1    | Identified the staff of the Vulture {rC+ rN+ Conj Necro}
 49734 | Elf:1    | You are sucked into a shaft and drop 1 floor!
 49749 | Elf:2    | Reached XP level 22. HP: 177/211 MP: 36/36
 49965 | Elf:3    | Entered Level 3 of the Elven Halls
 50961 | Abyss:3  | Cast into level 3 of the Abyss (a deep elf demonologist)
 51035 | Abyss:3  | Paralysed by accursed screaming for 1 turns
 51182 | Abyss:3  | Paralysed by accursed screaming for 2 turns
 51188 | Abyss:3  | Paralysed by accursed screaming for 2 turns
 51200 | Abyss:3  | Paralysed by accursed screaming for 1 turns
 51245 | Abyss:3  | Got an abyssal rune of Zot
 51298 | Abyss:3  | Paralysed by accursed screaming for 1 turns
 51387 | Elf:3    | Escaped the Abyss
 52145 | Elf:2    | Paralysed by an air elemental for 1 turns
 52840 | Elf:1    | Found Tosaemeo's Armour Shop.
 53531 | Elf:2    | Found a runed translucent gate.
 53532 | Elf:2    | Found a runed translucent gate.
 53532 | Elf:2    | Found a runed translucent gate.
 53914 | Elf:2    | Reached XP level 23. HP: 200/222 MP: 37/37
 54368 | Elf:3    | Identified the +8 dire flail "Quos" {chaos, rN++ Will-}
 54418 | Elf:3    | Identified the +8 quarterstaff of Ismul {drain, rC+ MP-9
                  | Dex+3}
 54742 | Elf:3    | Identified the +4 whip "Hiezoowk" {heavy, rC+}
 54743 | Elf:3    | Identified the +5 quarterstaff of Severance {heavy, rC+
                  | rCorr}
 54747 | Elf:3    | Identified the +9 mace of the Candle {flame, ^Contam rN+
                  | Will+ Int+7}
 54762 | Abyss:3  | Cast into level 3 of the Abyss (a deep elf sorcerer)
 54769 | Abyss:3  | Found a corrupted altar of Lugonu.
 54772 | Elf:3    | Escaped the Abyss
 54787 | Elf:3    | Killed from afar by a blizzard demon

Illustrated notes

Levels and vault maps discovered:
D:1:      dpeg_arrival_tiny_c, layout_rooms
D:2:      layout_loops_ring, item_on_display_a
D:3:      layout_basic, uniq_terence, uniq_sigmund
D:4:      layout_basic, uniq_duvessa
D:5:      layout_rooms, minitemple, minmay_temple_entry_offerings
D:6:      layout_basic, nicolae_overflow_hidden_temple, uniq_blork_the_orc
D:7:      layout_basic, nicolae_ossuary_entry_catacombs,
          minmay_misc_feat_hallway
D:8:      layout_rooms, lemuel_coloured_pillars_altar, uniq_jeremiah,
          uniq_maurice
D:9:      kb_forest_paths, layout_irregular_city,
          pdpol_wu_jian_five_deadly_venoms, lemuel_zombie_altar_yredelemnul,
          onia_ninara_dug_in_and_dangerous
D:10:     layout_cave_pools, gammafunk_temple_overflow_pools, erik_lair_island
D:11:     layout_roguey, orc_0_dummy, serial_glass, glass_columns_a,
          glass_columns_a, glass_columns_b, glass_columns_b, glass_columns_b,
          glass_columns_a, xom_redecorated
D:12:     layout_roguey
D:13:     layout_layer_cave
D:14:     layout_layer_cave, hellmonk_vaults_keyhole, moated_statue
D:15:     grunt_enter_depths_snipers, layout_loops_ring, serial_shops, shop,
          gauntlet_entry_generic, chequers_avenue, serial_bayou_pond_c
Temple:   chequers_temple_sunken
Lair:1:   layout_loops_ring, portal_ice_cave_demonic_guard
Lair:2:   layout_chaotic_city, nicolae_shoals_entry_roost,
          alex1729_snake_entry_snake, fungi_pond_lemuel,
          minmay_shattered_shrine, uniq_nergalle, uniq_harold
Lair:3:   layout_small_grid, grunt_forest_large_clearings, grunt_megastairs_2
Lair:4:   layout_long_grid, dpeg_slime_entry_corner, serial_bayou_shore_b
Lair:5:   evil_forest, layout_small_grid
Shoals:1: layout_shoals, uniq_frances
Shoals:2: layout_shoals, nicolae_shoals_nautilus_by_nature,
          nicolae_shoals_secluded_bog
Shoals:3: layout_shoals, nicolae_shoals_beach_cooler
Shoals:4: shoals_end_hangedman, layout_shoals
Snake:1:  layout_onion_interference, serial_shops,
          nicolae_shop_overgrown_old_shop, uniq_aizul
Snake:2:  layout_layer_cave, basic_altar, uniq_mlioglotl
Snake:3:  layout_onion
Snake:4:  grunt_snake_rune_pools, layout_cave_town,
          hangedman_snake_corridor_cut, lemuel_fruit_tree
Orc:1:    layout_diamond_mine, mines1_david, uniq_fannar
Orc:2:    st_orc_rangers, layout_diamond_mine, serial_shops, shop
Elf:1:    elf_arrival_001, layout_loops_corners, serial_shops,
          nicolae_shop_tiny_glass, minivault_28, minmay_shop_star
Elf:2:    nicolae_elf_blades_crystal_corner, layout_onion_city
Elf:3:    elf_hall, layout_geoelf_castle, nrook_uturn
Vaults:1: hangedman_vaults_locks, ontoclasm_vaults_fault,
          hangedman_vaults_nodes, vaults_mumra_minichess_inversion,
          vaults_dpeg_emergency_exit, nicolae_vaults_border_crossing,
          v_alt_pattern_2, vaults_room_grid, layout_vaults_big_room
Vaults:2: nicolae_vaults_sesquioval_fish, ontoclasm_vaults_eye,
          vaults_room_fancy_cross, ontoclasm_vaults_ring_large,
          hangedman_vaults_nails, v_misc_23, layout_vaults_omnigrid
Vaults:3: hangedman_vaults_cutoff, nicolae_vaults_tetromino_T_2, v_misc_25,
          nicolae_vaults_little_squares_4, v_alt_pattern_1,
          vaults_dpeg_encased_lava, hangedman_vaults_corner,
          vaults_room_door_hall, minmay_crypt_entry_simple_plaza,
          layout_vaults_ring, serial_shops, shop, nicolae_shop_mannequins, shop,
          shop, nicolae_shop_behind_doors
Vaults:4: v_misc_14, grunt_vaults_diagonal, hangedman_vaults_snaps,
          vaults_dpeg_diagonal, v_pattern_2, ontoclasm_vaults_misaligned,
          grunt_vaults_funnel, hangedman_vaults_cutoff, st_quartered_hall,
          vaults_room_pool, nicolae_vaults_little_squares_4,
          nicolae_vaults_heart-shaped_vault, nicolae_vaults_turnstiles,
          nicolae_vaults_variable_pillar_hall, layout_vaults_omnicross,
          uniq_donald
Depths:1: layout_cave_pools, hellmouth_1, minivault_16, zin_angel, uniq_norris,
          uniq_sojobo
Depths:2: angbandy_vault, layout_cave_shapes, enter_ziggurat_f,
          grunt_pan_entry_zigzag, hell_entry, vehumet_crystals, uniq_mara

Skill      XL: |  1  2  3  4  5  6  7  8  9 10 11 12 13 14 15 16 17 18 19 20 21 22 23 |
---------------+----------------------------------------------------------------------+-----
Axes           | 3 4 6 7 8 10 12 14 15 16 17 | 17.8
Armour         | 4 5 6 7 8 9 10 11 12 13 14 15 16 19 | 19.4
Dodging        | 1 2 3 4 5 6 7 |  7.9
Fighting       | 4 6 7 9 11 12 13 14 15 16 17 18 20 21 | 21.9
Shields        | 4 5 7 9 11 12 13 14 16 17 19 20 21 | 21.6
Evocations     | 1 3 6 |  6.6
Invocations    | 2 6 10 12 13 14 16 17 18 19 20 21 | 21.6
Stealth        | 1 2 3 |  3.0
Throwing       | 1 2 3 4 |  4.0
Maces & Flails | 1 2 3 7 8 |  8.7
Translocations | 3 4 6 7 |  7.0
Spellcasting   | 3 4 |  4.0

Action                     |  1- 3 |  4- 6 |  7- 9 | 10-12 | 13-15 | 16-18 | 19-21 | 22-24 || total
---------------------------+-------+-------+-------+-------+-------+-------+-------+-------++-------
  Melee: War axe           |    90 |   122 |   336 |   611 |  1125 |   248 |       |       ||  2532
         Flail             |       |       |       |     2 |    26 |       |       |       ||    28
         Broad axe         |       |       |       |       |       |   745 |   882 |   479 ||  2106
         Unarmed           |       |       |       |       |       |       |     3 |       ||     3
         Morningstar       |       |       |       |       |       |       |   151 |    88 ||   239
  Throw: Boomerang         |       |     1 |       |     5 |     2 |     2 |    58 |    14 ||    82
         Dart              |       |       |     8 |    13 |     2 |       |       |       ||    23
   Cast: Blink             |       |       |       |       |       |     1 |     1 |       ||     2
 Invoke: Minor Destruction |       |       |       |    66 |    73 |   161 |   107 |    43 ||   450
         Lesser Servant of |       |       |       |     3 |    12 |    12 |     8 |     2 ||    37
         Major Destruction |       |       |       |       |     1 |       |     5 |     2 ||     8
         Greater Servant o |       |       |       |       |       |     4 |     3 |     2 ||     9
  Evoke: Wand              |       |       |     1 |       |       |       |     1 |       ||     2
         Sack of spiders   |       |       |       |       |       |     1 |       |       ||     1
         Phial of floods   |       |       |       |       |       |       |     1 |       ||     1
    Use: Potion            |       |     2 |     2 |     2 |       |     5 |     9 |       ||    20
         Scroll            |       |       |     1 |    12 |     6 |    21 |     8 |     4 ||    52
   Stab: Distracted        |       |       |       |     1 |     2 |    11 |    20 |     7 ||    41
 Armour: Scale mail        |    73 |     2 |       |       |       |       |       |       ||    75
         Chain mail        |       |    79 |   183 |   428 |   645 |   690 |   511 |   378 ||  2914
         Skin              |       |     6 |       |       |       |       |       |       ||     6
         Plate armour      |       |       |    61 |       |       |       |       |       ||    61
  Dodge: Dodged            |    50 |    60 |   167 |   284 |   522 |   482 |   261 |   106 ||  1932
         Repelled          |       |       |       |       |       |    22 |    17 |    10 ||    49
  Block: Buckler           |    21 |    29 |    78 |   301 |   562 |   491 |       |       ||  1482
         Reflection        |       |       |       |     5 |    15 |   111 |       |       ||   131
         Tower shield      |       |       |       |       |       |   175 |   766 |   394 ||  1335
         Kite shield       |       |       |       |       |       |     4 |       |       ||     4
